Map: Lost and Found LE

Players

MarineLorD

  • Race: Terran Terran
  • League: Master
  • Spawn Location: 7:00

Rail - Winner!

  • Race: Protoss Protoss
  • League: Master
  • Spawn Location: 1:00

Event: HomeStory Cup XVIII

VOD

Have the link to the VOD?

Description

Time

  • Played on: Nov. 22, 2018, 8:08 a.m.
  • Length: 11:32

All games in this series

Show
View Real Time Build Order
Export as new Build Order

MarineLorD Terran 

Build Orders: Cyclone Opening, Gas First Reaper Expand, Reaper Expand 

Get SALT Encoding   

  12  0:01  SCV  
  13  0:13  SCV  
  14  0:16  Supply Depot  
  14  0:25  SCV  
  15  0:29  Refinery  
  15  0:38  SCV  
  16  0:43  Barracks  
  16  0:50  SCV  
  17  1:02  SCV  
  18  1:14  SCV  
  19  1:30  Orbital Command  
  19  1:32  Reaper  
  20  1:42  Command Center  
  20  1:51  Factory  
  20  1:55  SCV  
  21  2:06  Supply Depot, Barracks Reactor  
  21  2:07  SCV  
  22  2:16  Refinery  
  22  2:19  SCV  
  23  2:31  SCV  
  24  2:40  Factory Tech Lab  
  24  2:44  Marine x2, SCV  
  27  2:53  Orbital Command  
  27  2:56  SCV  
  28  2:58  Cyclone  
  28  3:02  Marine x2  
  33  3:08  SCV  
  33  3:10  Mag-Field Accelerator, Barracks  
  34  3:20  Marine x2, SCV x2  
  34  3:26  Supply Depot  
  38  3:30  Cyclone  
  38  3:32  SCV  
  42  3:34  SCV  
  42  3:39  Marine x2  
  45  3:46  Supply Depot  
  45  3:48  Supply Depot, SCV  
  46  3:52  SCV  
  47  3:58  Barracks Tech Lab  
  47  4:00  Marine  
  47  4:01  Marine  
  47  4:02  SCV  
  50  4:03  Siege Tank  
  50  4:07  SCV  
  54  4:12  Engineering Bay  
  54  4:16  Starport  
  54  4:18  Refinery  
  54  4:19  SCV  
  54  4:20  SCV  
  56  4:25  Marine x2  
  56  4:27  Marine  
  59  4:32  SCV  
  59  4:37  Stimpack  
  59  4:38  SCV  
  61  4:44  Marine, SCV  
  61  4:45  Marine x2  
  64  4:49  Terran Infantry Weapons Level 1  
  64  4:50  SCV  
  65  5:02  Marine, Siege Tank  
  65  5:03  Marine  
  70  5:08  Supply Depot  
  70  5:09  Supply Depot  
  70  5:10  Marine  
  71  5:14  Supply Depot, Medivac  
  71  5:19  SCV x2  
  71  5:20  Marine x2  
  77  5:28  Marine  
  78  5:31  Command Center  
  78  5:34  Liberator  
  78  5:41  Marine x2  
  79  5:45  Siege Tank  
  79  5:46  Marauder  
  84  5:55  SCV  
  84  5:56  Supply Depot  
  88  5:58  Supply Depot  
  84  6:07  SCV x2  
  84  6:08  Marine x2  
  84  6:09  Marauder  
  84  6:21  Supply Depot, SCV  
  84  6:23  Siege Tank  
  88  6:27  SCV  
  88  6:29  Marine x2  
  91  6:36  SCV, Barracks  
  91  6:37  Barracks x2  
  91  6:39  SCV  
  93  6:45  Marine  
  93  6:47  Marine x2  
  94  6:48  SCV  
  94  6:51  SCV  
  94  6:53  Orbital Command  
  95  7:00  SCV  
  94  7:03  Marauder, SCV  
  94  7:04  Marine  
  88  7:13  SCV  
  88  7:14  Siege Tank  
  90  7:17  SCV  
  90  7:20  Marine  
  90  7:22  Marine  
  92  7:25  SCV  
  92  7:29  SCV  
  91  7:30  Marine x3  
  91  7:34  Orbital Command  
  93  7:37  SCV  
  93  7:41  SCV  
  95  7:46  Marine x2, Marauder  
  95  7:49  SCV  
  89  7:53  SCV  
  89  7:56  Siege Tank, Medivac  
  80  8:01  SCV  
  80  8:02  Orbital Command  
  80  8:03  Barracks Reactor, Barracks Tech Lab x2  
  70  8:08  Marine x2, Marauder  
  70  8:11  Terran Infantry Armor Level 1, SCV  
  75  8:13  Refinery, SCV  
  76  8:22  Marauder  
  76  8:23  Marauder, SCV  
  76  8:25  SCV  
  76  8:26  Marine x2  
  84  8:27  Combat Shield  
  84  8:30  Marauder, Orbital Command  
  86  8:35  SCV  
  88  8:41  SCV  
  88  8:42  Marine x2  
  88  8:43  Marine x2, Starport Reactor  
  92  8:51  Marauder  
  94  8:56  SCV x3  
  94  8:57  Supply Depot x2  
  94  8:59  Marine  
  94  9:00  Marine x2  
  94  9:01  Siege Tank  
  94  9:02  Marauder  
  105  9:05  Refinery  
  105  9:06  Liberator  
  105  9:08  Armory, Refinery, SCV x3  
  108  9:10  Supply Depot, Engineering Bay  
  108  9:11  Supply Depot  
  108  9:13  Marine x2, Marauder  
  112  9:20  SCV x3  
  112  9:24  Supply Depot  
  118  9:25  Supply Depot  
  118  9:26  Marine x3  
  118  9:27  Marauder  
  123  9:32  Liberator  
  123  9:35  Marine  
  123  9:36  Marauder  
  123  9:40  SCV  
  123  9:41  SCV  
  123  9:42  Supply Depot  
  123  9:43  Marauder  
  123  9:44  Marine  
  123  9:45  Marine  
  127  9:48  Marauder  
  132  9:55  Factory Reactor  
  132  9:56  Command Center  
  132  9:58  SCV x2  
  134  10:02  Marine x3  
  134  10:03  Marauder  
  140  10:14  Marine x2  
  140  10:15  SCV x2  
  143  10:22  Marine x3, Marauder  
  143  10:24  Marauder  
  150  10:31  Missile Turret  
  150  10:32  Marine  
  151  10:37  Supply Depot x2  
  151  10:38  Marauder  
  151  10:40  Marine x2  
  151  10:41  Medivac x2  
  160  10:50  Marauder  
  160  10:52  Marine  
  160  10:53  Marauder  
  163  10:59  Supply Depot  
  163  11:02  Supply Depot x2  
  163  11:04  Supply Depot  
  163  11:07  Marauder  
  163  11:09  Sensor Tower  
  169  11:13  Marine  
Show
View Real Time Build Order
Export as new Build Order

Rail Protoss - Winner!

Build Orders: 1 Gate Expand, Blink Stalkers 

Get SALT Encoding   

  12  0:00  Probe  
  13  0:12  Probe  
  14  0:17  Pylon  
  14  0:23  Probe  
  15  0:32  Probe  
  15  0:36  Gateway  
  15  0:40  Probe  
  16  0:45  Assimilator  
  17  0:51  Probe  
  18  1:03  Probe  
  19  1:19  Nexus  
  19  1:27  Cybernetics Core  
  19  1:31  Probe  
  20  1:36  Assimilator  
  20  1:43  Probe  
  20  1:46  Pylon  
  21  1:55  Probe, Stalker  
  22  2:04  Probe  
  22  2:05  Warp Gate  
  25  2:12  Probe  
  25  2:21  Probe  
  26  2:25  Stalker  
  29  2:33  Twilight Council  
  29  2:34  Probe  
  29  2:36  Probe  
  31  2:44  Probe  
  31  2:46  Probe  
  33  2:51  Blink  
  33  2:52  Probe  
  33  2:56  Stalker  
  36  2:58  Probe  
  38  3:05  Pylon  
  38  3:09  Probe  
  38  3:10  Probe  
  39  3:17  Probe  
  39  3:22  Probe  
  39  3:26  Gateway  
  41  3:27  Probe  
  41  3:31  Gateway  
  42  3:34  Probe  
  42  3:40  Pylon  
  43  3:42  Probe  
  43  3:48  Robotics Facility  
  44  3:49  Probe  
  44  3:56  Probe  
  45  4:05  Nexus  
  45  4:08  Stalker  
  47  4:11  Pylon  
  47  4:15  Probe  
  48  4:23  Stalker  
  50  4:25  Stalker  
  52  4:33  Gateway  
  52  4:35  Warp Prism  
  54  4:40  Gateway  
  54  4:45  Gateway  
  54  4:51  Probe x2  
  56  4:52  Charge  
  56  4:54  Stalker  
  58  5:03  Probe x2  
  60  5:12  Observer  
  61  5:15  Pylon, Probe x2  
  61  5:18  Probe  
  64  5:27  Probe  
  64  5:28  Probe  
  66  5:29  Zealot x3  
  66  5:30  Zealot, Probe  
  66  5:33  Robotics Bay  
  75  5:37  Probe  
  75  5:38  Immortal  
  75  5:39  Probe  
  75  5:41  Pylon, Probe  
  81  5:43  Assimilator  
  81  5:45  Probe  
  81  5:47  Assimilator  
  81  5:48  Pylon  
  83  5:51  Pylon  
  83  5:54  Probe  
  84  6:05  Zealot x2, Sentry, Probe  
  84  6:06  Probe  
  90  6:17  Zealot x2  
  90  6:18  Colossus  
  94  6:19  Probe  
  94  6:20  Assimilator  
  94  6:21  Probe x2  
  94  6:22  Assimilator  
  94  6:23  Pylon  
  94  6:24  Pylon  
  93  6:27  Zealot x2  
  97  6:39  Zealot x3  
  105  6:44  Zealot  
  105  6:46  Pylon  
  107  6:48  Pylon, Zealot x2  
  109  6:55  Extended Thermal Lance  
  109  6:56  Pylon  
  107  7:02  Zealot x3  
  107  7:07  Zealot  
  113  7:08  Stalker  
  113  7:09  Zealot  
  113  7:14  Colossus  
  117  7:27  Stalker x2  
  107  7:30  Zealot x3  
  107  7:31  Zealot  
  107  7:32  Probe x2  
  107  7:34  Probe  
  114  7:44  Probe  
  114  7:45  Zealot, Stalker  
  114  7:46  Zealot  
  114  7:51  Probe  
  114  7:52  Assimilator  
  114  7:55  Probe  
  114  7:58  Warp Prism  
  103  8:04  Zealot, Stalker  
  103  8:05  Zealot  
  107  8:08  Stalker  
  111  8:15  Stalker x2  
  115  8:20  Probe  
  115  8:21  Probe  
  115  8:23  Pylon  
  115  8:25  Forge  
  115  8:26  Forge, Protoss Ground Weapons Level 1  
  117  8:27  Sentry  
  117  8:28  Zealot  
  117  8:29  Protoss Ground Armor Level 1  
  121  8:34  Immortal  
  121  8:36  Stalker  
  121  8:39  Pylon  
  127  8:44  Stalker  
  127  8:47  Pylon  
  129  8:54  Pylon  
  129  9:00  Zealot x3  
  129  9:02  Sentry  
  137  9:06  Zealot  
  139  9:15  Pylon  
  139  9:16  Disruptor  
  142  9:20  Stalker  
  142  9:21  Pylon, Stalker  
  146  9:41  Stalker  
  146  9:44  Stalker  
  142  9:45  Stalker  
  142  9:46  Pylon, Zealot x2  
  142  9:50  Pylon  
  148  9:52  Pylon  
  148  9:53  Disruptor  
  148  9:54  Stalker  
  148  9:55  Pylon  
  153  10:05  Stalker  
  153  10:06  Stalker x2  
  159  10:09  Pylon, Stalker x2  
  163  10:18  Stalker  
  165  10:25  Nexus  
  165  10:39  Stalker x4  
  165  10:41  Observer  
  173  10:50  Stalker x2  
  177  11:02  Gateway  
  177  11:04  Zealot, Stalker  
  177  11:05  Zealot x2  
  177  11:07  Gateway  
  147  11:22  Zealot, Stalker  
  131  11:26  Zealot x2, Stalker  
Tags
 
Add a new tag
Caveats
  • Supply blocks, unpowered buildings, or Contaminate may cause inaccurate times.
  • Supply counts are checked every 10 seconds.